AoeStats
← Piggyeater6755

Black Forest

505161662Analyzed
2v2 RM · 23d ago on Sep 8, 2026· 71m 51s· 4 players
Game mode
Random Map
Map size
Medium (4 player)
Population
200
Speed
Normal
Resources
Standard
Victory
Conquest
Starting age
Dark Age
Ending age
Imperial Age
RankedLock teamsTeams togetherTeam positionsShared explorationLock speedFull tech treeHidden civsTurbo modeCheats
Victory
Defeat
🇺🇸 Huns · United States
522
+14
🇺🇸 Khmer · United States
419
+18
🇮🇳 Magyars · India
594
-21
🇨🇦 Aztecs · Canada
349
-11
SwiftBarriga
0:56 Loom
15:06 Feudal Age
16:28 Double-Bit Axe
20:37 Gold Mining
23:27 Castle Age
22:36 Scale Barding Armor
22:42 Forging
23:03 Scale Mail Armor
22:54 Arson
23:08 Horse Collar
23:33 Man-at-Arms
25:08 Caravan
25:21 Squires
26:25 Bow Saw
31:41 Wheelbarrow
31:10 Long Swordsman
34:57 Imperial Age
33:10 Coinage
33:39 Ballistics
33:30 Masonry
33:29 Husbandry
34:37 Chain Barding Armor
35:46 Iron Casting
35:27 Bloodlines
36:29 Stone Mining
37:15 Gold Shaft Mining
38:18 Banking
39:03 Two-Man Saw
38:02 Two-Handed Swordsman
39:39 Marauders
40:22 Hand Cart
40:16 Cavalier
43:38 Guilds
44:54 Atheism
46:14 Elite Tarkan
60:07 Chemistry
59:45 Plate Barding Armor
60:10 Blast Furnace
59:26 Chain Mail Armor
59:12 Padded Archer Armor
59:03 Fletching
58:55 Sappers
58:53 Paladin
69:16 Thumb Ring
69:36 Parthian Tactics
68:33 Heavy Cavalry Archer
Piggyeater6755
2:56 Loom
16:46 Feudal Age
24:01 Castle Age
22:11 Gold Mining
23:29 Double-Bit Axe
23:31 Horse Collar
25:51 Wheelbarrow
25:13 Stone Mining
25:58 Pikeman
26:49 Man-at-Arms
27:19 Arson
29:42 Heavy Plow
30:17 Scale Mail Armor
30:29 Forging
30:33 Scale Barding Armor
36:05 Imperial Age
35:57 Chain Barding Armor
36:56 Bow Saw
37:37 Crop Rotation
38:01 Ballistics
40:06 Elite Battle Elephant
42:38 Gold Shaft Mining
42:40 Stone Shaft Mining
44:34 Elite Ballista Elephant
45:44 Husbandry
46:07 Long Swordsman
47:58 Cavalier
48:50 Bloodlines
50:25 Plate Barding Armor
50:41 Heated Shot
52:03 Chemistry
51:28 Caravan
56:55 Tusk Swords
60:34 Heavy Scorpion
64:12 Double Crossbow
66:19 Hand Cart
71:00 Parthian Tactics
69:57 Crossbowman
69:58 Elite Skirmisher
70:01 Heavy Cavalry Archer
< parchai>
13:39 Feudal Age
14:32 Horse Collar
14:39 Double-Bit Axe
19:08 Castle Age
23:22 Heavy Plow
28:35 Gold Mining
28:39 Stone Mining
29:49 Bow Saw
30:17 Gold Shaft Mining
30:52 Wheelbarrow
30:03 Town Watch
30:45 Corvinian Army
35:51 Imperial Age
33:39 Hand Cart
36:30 Fletching
36:40 Padded Archer Armor
36:41 Scale Mail Armor
36:46 Scale Barding Armor
36:46 Pikeman
37:13 Arson
38:51 Two-Man Saw
37:39 Halberdier
37:49 Elite Magyar Huszar
38:50 Conscription
38:30 Recurve Bow
38:55 Town Patrol
38:41 Loom
39:35 Bloodlines
39:26 Husbandry
scrappernewman
1:54 Loom
16:50 Feudal Age
17:18 Horse Collar
17:29 Double-Bit Axe
19:19 Wheelbarrow
25:09 Gold Mining
27:28 Castle Age
25:48 Stone Mining
26:55 Man-at-Arms
28:58 Heavy Plow
29:16 Bow Saw
28:49 Long Swordsman
30:13 Hand Cart
33:49 Treadmill Crane
35:16 Elite Skirmisher
41:56 Imperial Age
40:07 Forging
41:21 Ballistics
40:58 Fletching
42:18 Pikeman
43:18 Fortified Wall
43:49 Crop Rotation
44:01 Gold Shaft Mining
44:10 Stone Shaft Mining
45:24 Padded Archer Armor
45:59 Iron Casting
46:21 Conscription
47:37 Gambesons
48:50 Capped Ram
52:16 Scale Mail Armor
52:11 Bodkin Arrow
54:08 Garland Wars
54:02 Two-Handed Swordsman
55:37 Bracer
56:54 Squires
58:44 Chemistry
58:03 Leather Archer Armor
58:12 Town Watch
58:06 Crossbowman
58:54 Atlatl
58:54 Elite Jaguar Warrior
60:08 Chain Mail Armor
63:29 Blast Furnace
61:56 Eagle Warrior
64:20 Elite Eagle Warrior
Connection lost

Rejoining the realm…

Still unreachable

The connection could not be restored.

Session expired

The server has moved on; the page needs a fresh start.